 Dungeon Crawl Stone Soup version bcrawl-1.28 (webtiles) character file.

Game seed: 7810252188157161587

101811 MisterOstroum the Grave Robber (level 1, 0/15 HPs)
             Began as a Mummy Necromancer on Nov 21, 2020.
             Slain by a hobgoblin
             ... wielding a cursed -1 club
              (4 damage)
             ... on level 1 of the Dungeon.
             The game lasted 00:01:09 (93 turns).

MisterOstroum the Grave Robber (Mummy Necromancer)    Turns: 93, Time: 00:01:09

Health: 0/15       AC:  2    Str: 11    XL:     1   Next: 91%
Magic:  2/4        EV: 12    Int: 14    God:
Gold:   0          SH:  0    Dex: 12    Spells: 3/5 levels left

rFire    x . .     SeeInvis .   a - +1 dagger
rCold    + . .     Gourm    .   (no shield)
rNeg     + + +     Faith    .   b - +0 robe
rPois    ∞         Spirit   .   (no helmet)
rElec    .         Reflect  .   (no cloak)
rCorr    .         Harm     .   (no gloves)
MR       .....     Clarity  +   (no boots)
Stlth    ++........             (no amulet)
HPRegen  0.05/turn              (no ring)
MPRegen  0.09/turn              (no ring)

@: no status effects
A: no food or potions, fire vulnerability, clarity, cold resistance 1, negative
energy resistance 3, torment resistance, unbreathing
a: no special abilities


You were on level 1 of the Dungeon.
You were not hungry.

You visited 1 branch of the dungeon, and saw 1 of its levels.

Inventory:

Hand Weapons
 a - a +1 dagger (weapon)
Missiles
 c - 2 stones (quivered)
Armour
 b - a +0 robe (worn)


   Skills:
 * Level 1.0 Fighting
 - Level 1.5 Dodging
 - Level 2.1 Stealth
 + Level 2.9 Spellcasting
 + Level 4.1 Necromancy


You had 3 spell levels left.
You knew the following spells:

 Your Spells              Type           Power        Failure   Level  Hunger
a - Pain                  Necr           ##....       4%          1    N/A
b - Animate Skeleton      Necr           N/A          4%          1    N/A

Your spell library contained the following spells:

 Spells                   Type           Power        Failure   Level  Hunger
 Vampiric Draining        Necr           ##........   12%         3    N/A
 Animate Dead             Necr           N/A          36%         4    N/A
 Bolt of Draining         Conj/Necr      #.........   95%         5    N/A
 Regeneration             Chrm/Necr      Unusable     N/A         3    N/A

Dungeon Overview and Level Annotations

Branches:
Dungeon (1/12)

Altars:


Innate Abilities, Weirdness & Mutations

You do not eat or drink.
Your flesh is vulnerable to fire.
You are immune to poison.
You possess an exceptional clarity of mind.
Your flesh is cold resistant. (rC+)
You are immune to negative energy. (rN+++)
You are immune to unholy pain and torment.
You can survive without breathing.


Message History

A hobgoblin is nearby!
A bat and a dart slug come into view.
A leopard gecko comes into view.
The hobgoblin hits you but does no damage.
There is an open door here.
Casting: Pain (safe; 4% risk of failure)
Confirm with . or Enter, or press ? or * to list all spells.
Aiming: Pain (safe; 4% risk of failure)
Press: ? - help, Shift-Dir - straight line, f - hobgoblin
Aim: a hobgoblin, wielding a +0 club (chance to defeat MR: 83%)
The hobgoblin writhes in agony.
The leopard gecko hisses angrily.
The bat barely misses you. The hobgoblin barely misses you.
Casting: Pain (safe; 4% risk of failure)
Confirm with . or Enter, or press ? or * to list all spells.
Aiming: Pain (safe; 4% risk of failure)
Press: ? - help, Shift-Dir - straight line, f/p - hobgoblin
Aim: a hobgoblin, wielding a +0 club (moderately wounded, chance to defeat MR: 83%)
The hobgoblin writhes in agony.
The bat barely misses you. The hobgoblin hits you with a +0 club.
Unknown command.
Casting: Pain (safe; 4% risk of failure)
Confirm with . or Enter, or press ? or * to list all spells.
Aiming: Pain (safe; 4% risk of failure)
Press: ? - help, Shift-Dir - straight line, f/p - hobgoblin
Aim: a hobgoblin, wielding a +0 club (heavily wounded, chance to defeat MR: 83%)
The hobgoblin writhes in agony.
You kill the hobgoblin!
The bat misses you.
Casting: Pain (safe; 4% risk of failure)
Confirm with . or Enter, or press ? or * to list all spells.
Aiming: Pain (safe; 4% risk of failure)
Press: ? - help, Shift-Dir - straight line, f - leopard gecko
Aim: a leopard gecko (clinging, chance to defeat MR: 83%)
The leopard gecko barely resists.
The leopard gecko misses you.
You hit the leopard gecko.
The leopard gecko is severely wounded.
The leopard gecko closely misses you.
You hit the leopard gecko but do no damage.
The leopard gecko is severely wounded.
The leopard gecko bites you.
The leopard gecko bites you but does no damage.
Unknown command.
Unknown command.
The bat barely misses you. The bat hits you but does no damage.
Casting: Pain (safe; 4% risk of failure)
Confirm with . or Enter, or press ? or * to list all spells.
Aiming: Pain (safe; 4% risk of failure)
Press: ? - help, Shift-Dir - straight line, f/p - leopard gecko
Aim: a leopard gecko (heavily wounded, clinging, chance to defeat MR: 83%)
The bat writhes in agony.
You kill the bat!
The leopard gecko bites you.
* * * LOW HITPOINT WARNING * * *
The leopard gecko bites you.
* * * LOW HITPOINT WARNING * * *
Unknown command.
Unknown command.
The leopard gecko barely misses you. The leopard gecko bites you.
* * * LOW HITPOINT WARNING * * *
Casting: Pain (safe; 4% risk of failure)
Confirm with . or Enter, or press ? or * to list all spells.
Aiming: Pain (safe; 4% risk of failure)
Press: ? - help, Shift-Dir - straight line, f/p - leopard gecko
Aim: a leopard gecko (moderately wounded, chance to defeat MR: 83%)
The leopard gecko writhes in agony.
The leopard gecko barely misses you.
The leopard gecko bites you but does no damage.
A bat comes into view.
The leopard gecko barely misses you.
A kobold comes into view. It is wielding a +0 falchion.
The bat closely misses you. The leopard gecko barely misses you.
A hobgoblin comes into view. It is wielding a -1 club.
The bat hits you but does no damage. The bat barely misses you.
The bat closely misses you. x2
Unknown command.
The hobgoblin shouts!
The bat misses you.
A goblin comes into view.
The bat misses you.
Casting: Pain (safe; 4% risk of failure)
Confirm with . or Enter, or press ? or * to list all spells.
Aiming: Pain (safe; 4% risk of failure)
Press: ? - help, Shift-Dir - straight line, f/p - leopard gecko
Aim: a leopard gecko (moderately wounded, clinging, chance to defeat MR: 83%)
The leopard gecko writhes in agony.
You kill the leopard gecko!
Your Fighting skill increases to level 1!
The goblin shouts!
The bat misses you. The bat hits you but does no damage.
You hit the bat.
You kill the bat!
The dart slug misses you.
Unknown command.
The kobold shouts!
A hobgoblin comes into view. It is wielding a -1 club.
A bat, a rat and a worm come into view.
The hobgoblin hits you with a cursed -1 club.
You die...

.... #... .....# ##...
.......###.... .
.............. ..
............. ...####
............. r...w..##
#.......... #%.b....#
#.......... #....@#
##...g...... .....##g#
#.......g... ..# #.#
#....###.... #.# #..w##
##... . #.# #...# #...
....##.#####...## ##...
)...........w....###....
......#.................
......####.......#####..


You could see a worm, a hobgoblin, a bat and a rat (sleeping).

Vanquished Creatures
  A leopard gecko (D:1)
  3 bats (D:1)
  A hobgoblin (D:1)
  A kobold (D:1)
6 creatures vanquished.

Notes
Turn   | Place    | Note
-------+----------+-------------------------------------------
     0 | D:1      | MisterOstroum the Mummy Necromancer began the quest for the
                  | Orb.
     0 | D:1      | Reached XP level 1. HP: 13/13 MP: 4/4
    71 | D:1      | Reached skill level 1 in Fighting
    93 | D:1      | Slain by a hobgoblin

Skill      XL: |  1 |
---------------+----+-----
Fighting       | 1 |  1.0
Dodging        | |  1.5
Stealth        | |  2.1
Spellcasting   | |  2.9
Necromancy     | |  4.1

Action                   || total
-------------------------++-------
Melee: Dagger            ||     4
 Cast: Pain              ||     8
 Stab: Sleeping          ||     1
Armor: Robe              ||     6
Dodge: Dodged            ||    19
